 Dungeon Crawl Stone Soup version 0.20.0-10-g0535bb4 (webtiles) character file.

19465 grindst0ne the Protected (level 12, -2/109 HPs)
             Began as a Gargoyle Fighter on June 3, 2017.
             Was a High Priest of Okawaru.
             Slain by a two-headed ogre
             ... wielding a +0 dire flail
              (17 damage)
             ... on level 12 of the Dungeon.
             The game lasted 00:37:05 (15416 turns).

grindst0ne the Protected (Gargoyle Fighter)        Turns: 15416, Time: 00:37:05

Health: -2/109     AC: 26    Str: 19    XL:     12   Next: 69%
Magic:  4/17       EV:  2    Int: 16    God:    Okawaru [*****.]
Gold:   158        SH:  0    Dex: 18    Spells: 11/11 levels left

rFire    . . .     SeeInvis .   b - +5 battleaxe (chop)
rCold    . . .     Gourm    +   (shield currently unavailable)
rNeg     + + +     Faith    .   (armour currently unavailable)
rPois    ∞         Spirit   .   (helmet currently unavailable)
rElec    .         Reflect  .   (cloak currently unavailable)
rCorr    .         Harm     .   (gloves currently unavailable)
MR       .....     NoTele   +   (boots currently unavailable)
Stlth    +++.......             W - amulet of the gourmand
Regen    0.7/turn               s - +5 ring of intelligence
MPRegen  0.2/turn               (no ring)

@: agile, tree-form
A: negative energy resistance 1, regeneration 1, evolution 1, petrification
resistance, rot immunity, AC +8
a: Heroism, Finesse, Renounce Religion


You were on level 12 of the Dungeon.
You worshipped Okawaru.
Okawaru was extremely pleased with you.
You were very full.
You were a tree.
You visited 2 branches of the dungeon, and saw 13 of its levels.
You also visited: Sewer.

You collected 705 gold pieces.
You spent 547 gold pieces at shops.

Inventory:

Hand Weapons
 b - a +5 battleaxe of chopping (weapon)
 O - the +4 battleaxe of Exquisite Torment {pain, MR++}
   (Okawaru gifted it to you on level 11 of the Dungeon)

   In the hands of one skilled in necromantic magic, it inflicts extra damage on
   living creatures.
   It affects your resistance to hostile enchantments.
Missiles
 X - 5 tomahawks of dispersal (quivered)
Armour
 j - a +0 plate armour (melded)
 n - a +0 pair of boots (melded)
 q - a +0 hat (melded)
 P - a scarf of spirit shield (melded)
Jewellery
 s - a +5 ring of intelligence (left branch)
 W - an amulet of the gourmand (around neck)
Wands
 t - a wand of polymorph (11/24)
 F - a wand of polymorph (14/24)
 T - a wand of lightning (5/15)
 U - a wand of confusion (48/48)
 V - a wand of confusion (31/48)
Scrolls
 d - 2 scrolls of recharging
 i - 9 scrolls of remove curse
 k - 2 scrolls of fear
 w - 2 scrolls of blinking
 x - 4 scrolls of magic mapping
 D - 3 scrolls of amnesia
 M - 2 scrolls of identify
 Q - a scroll of enchant armour
Potions
 e - a potion of degeneration
 p - a potion of magic
 u - 3 potions of resistance
 B - a potion of brilliance
 L - a potion of flight
Books
 a - a book of Callings

   Spells                             Type                      Level
   a - Summon Small Mammal            Summoning                    1
   b - Call Imp                       Summoning                    2
   c - Call Canine Familiar           Summoning                    3
   d - Summon Guardian Golem          Hexes/Summoning              3
   e - Summon Lightning Spire         Summoning/Air                4
   f - Summon Ice Beast               Ice/Summoning                4
Comestibles
 f - 7 bread rations
 g - 13 royal jellies
 h - 6 meat rations
 G - 9 fruits


   Skills:
 - Level 8.0 Fighting
 + Level 9.6 Axes
 - Level 14.3 Armour
 - Level 2.0 Dodging
 - Level 0.2 Stealth
   Level 3.5 Shields
 - Level 7.4 Invocations
 - Level 6.3 Evocations


You had 11 spell levels left.
You didn't know any spells.

Dungeon Overview and Level Annotations

Branches:
Dungeon (12/15)            Temple (1/1) D:7            Lair (0/6) D:11
    Orc (0/2) D:12

Altars:
Ashenzari
Cheibriados
Dithmenos
Elyvilon
Fedhas
Gozag
Hepliaklqana
Kikubaaqudgha
Makhleb
Nemelex Xobeh
Okawaru
Qazlal
Ru
Sif Muna
Trog
Uskayaw
Vehumet
Xom
Yredelemnul
Zin
The Shining One

Shops:
D:7 *   D:8 }*=[?   D:10 :[?(


Innate Abilities, Weirdness & Mutations

You are resistant to torment.
((Your stone body is resilient. (AC +8)))
You are immune to poison.
You resist negative energy. (rN+)
((You are resistant to electric shocks. (rElec)))
((You can survive without breathing.))
You are immune to petrification.
You are immune to rotting.
Your natural rate of healing is unusually fast.
You evolve.


Message History

The worker ant closely misses you.
The orc warrior hits you but does no damage.
You turn into a tree.
Your scarf of spirit shield melds into your body.
Your +0 hat melds into your body.
Your +0 pair of boots melds into your body.
Your +0 plate armour melds into your body.
You feel strangely alone.
Your roots penetrate the ground.
The two-headed ogre hits you with a dire flail.
* * * LOW HITPOINT WARNING * * *
The two-headed ogre hits you but does no damage.
The worker ant bites you but does no damage.
The orc warrior hits you from afar with a trident!
* * * LOW HITPOINT WARNING * * *
You slash the two-headed ogre!
The two-headed ogre is lightly wounded.
You hit the worker ant but do no damage.
The two-headed ogre hits you but does no damage.
The two-headed ogre hits you with a giant spiked club!
You die...

YY...8# .....#
#+.>..+ +.....# ..#
#....8# ..#
.#....######### ..#
..#............#
..###..#......oa†O..#
.......#.......†♣...#
.......##+###########
........ ....# )...#
....# ....# ....#
....#


You could see a two-headed ogre, an orc warrior and a worker ant.

Vanquished Creatures
  Nessos (D:12)
  Erolcha (D:9)
  4 two-headed ogres
  A death knight (D:11)
  A death yak (D:11)
  A skeletal warrior (D:11)
  A cyclops (D:11)
  4 ugly things (D:11)
  A centaur zombie (D:10)
  An elephant (D:11)
  A freezing wraith (D:11)
  A troll (D:11)
  3 hornets
  5 hippogriffs
  A raiju (shapeshifter) (D:11)
  17 yaks
  A wraith (D:11)
  A wyvern (D:11)
  A basilisk (D:11)
  A hungry ghost (D:8)
  Grum (D:8)
  An acid dragon (D:11)
  A soldier ant (D:11)
  2 water moccasins
  A sky beast (D:11)
  3 orc warriors
  A phantom (D:7)
  A black bear (D:10)
  4 ice beasts
  A necrophage (D:10)
  6 ogres
  4 wolves (D:8)
  2 centaurs
  2 crocodiles
  8 bullfrogs
  Blork the orc (D:6)
  4 scorpions
  5 killer bees (D:10)
  5 crimson imps
  A howler monkey (D:8)
  4 bullfrog zombies
  7 hounds
  4 jellies
  3 orc priests
  Crazy Yiuf (D:6)
  A bullfrog skeleton (D:8)
  2 centaur skeletons
  3 iguanas
  10 worker ants
  8 orc wizards
  A killer bee zombie (D:5)
  12 gnolls
  20 adders
  A river rat (D:3)
  A shadow imp (D:9)
  7 oozes
  2 dart slugs
  13 leopard geckos
  45 orcs
  11 ball pythons
  6 bats
  16 giant cockroaches
  4 hobgoblins
  17 jackals
  3 kobolds
  8 quokkas
  13 frilled lizards
  11 goblins
  2 quokka skeletons (D:4)
  5 rats
343 creatures vanquished.

Notes
Turn   | Place    | Note
-------+----------+-------------------------------------------
     0 | D:1      | grindst0ne the Gargoyle Fighter began the quest for the Orb.
     0 | D:1      | Reached XP level 1. HP: 14/14 MP: 1/1
   143 | D:1      | Reached XP level 2. HP: 20/20 MP: 2/2
   466 | D:1      | Reached XP level 3. HP: 24/24 MP: 3/3
   973 | D:2      | Reached skill level 5 in Fighting
  1034 | D:2      | Reached XP level 4. HP: 30/31 MP: 4/4
  1501 | D:3      | Noticed an ogre
  1511 | D:3      | Killed an ogre
  1511 | D:3      | Reached skill level 1 in Dodging
  1511 | D:3      | Reached XP level 5. HP: 15/36 MP: 5/5
  1542 | D:3      | Found a stormy altar of Qazlal.
  1553 | D:3      | Found a shadowy altar of Dithmenos.
  1667 | D:3      | Found a stormy altar of Qazlal.
  1766 | D:3      | Found a glowing drain.
  1770 | Sewer    | Entered a sewer
  1774 | Sewer    | Reached XP level 6. HP: 40/42 MP: 6/6
  2147 | Sewer    | Reached XP level 7. HP: 24/48 MP: 7/7
  2537 | D:4      | Found a shattered altar of Ashenzari.
  2634 | D:4      | Found a bloodstained altar of Trog.
  2716 | D:4      | Reached skill level 4 in Armour
  3426 | D:5      | Entered Level 5 of the Dungeon
  3482 | D:5      | Reached skill level 5 in Armour
  3541 | D:5      | Reached skill level 6 in Armour
  3810 | D:5      | Reached XP level 8. HP: 46/53 MP: 8/8
  3895 | D:5      | Found a glowing silver altar of Zin.
  3896 | D:5      | Found an opulent altar of Gozag.
  3950 | D:5      | Reached skill level 7 in Armour
  4243 | D:6      | Noticed Blork the orc
  4274 | D:6      | Killed Blork the orc
  4536 | D:6      | Found an ancient bone altar of Kikubaaqudgha.
  4579 | D:6      | Reached skill level 8 in Armour
  4623 | D:6      | Noticed a hippogriff
  4635 | D:6      | Killed a hippogriff
  4635 | D:6      | Reached skill level 9 in Armour
  4828 | D:6      | Reached XP level 9. HP: 47/57 MP: 9/9
  4842 | D:6      | Reached skill level 10 in Armour
  5274 | D:6      | Found a runed door.
  5488 | D:6      | Noticed Crazy Yiuf
  5500 | D:6      | Killed Crazy Yiuf
  5651 | D:7      | Reached skill level 11 in Armour
  5667 | D:7      | Found a shimmering altar of Xom.
  5667 | D:7      | Found a shimmering altar of Xom.
  5667 | D:7      | Found a shimmering altar of Xom.
  7059 | D:7      | Found Jeazytun's General Store.
  7063 | D:7      | Bought a potion of ambrosia for 112 gold pieces
  7063 | D:7      | Bought a potion of berserk rage for 70 gold pieces
  7063 | D:7      | Bought a scroll of identify for 28 gold pieces
  7132 | D:7      | Reached skill level 12 in Armour
  7502 | D:7      | Found a shimmering altar of Xom.
  7503 | D:7      | Found a shimmering altar of Xom.
  7535 | D:7      | Found a white marble altar of Elyvilon.
  7634 | D:7      | Found a staircase to the Ecumenical Temple.
  7704 | Temple   | Entered the Ecumenical Temple
  7924 | Temple   | Became a worshipper of Warmaster Okawaru
  8057 | D:7      | Found a deep blue altar of Sif Muna.
  8057 | D:7      | Found a sacrificial altar of Ru.
  8149 | D:8      | Found Arghunim's Gadget Shoppe.
  8189 | D:8      | Reached XP level 10. HP: 53/63 MP: 10/10
  8235 | D:8      | Found Zarot's General Store.
  8241 | D:8      | Bought a scroll of magic mapping for 42 gold pieces
  8302 | D:8      | Reached skill level 13 in Armour
  8315 | D:8      | Noticed Grum
  8366 | D:8      | Killed Grum
  8391 | D:8      | Reached * piety under Okawaru
  8977 | D:8      | Found Ecoann's Antique Armour Shop.
  9007 | D:8      | Found Plog's Magic Scroll Shop.
  9060 | D:8      | Bought a scroll of enchant armour for 90 gold pieces
  9080 | D:8      | Found Kapp's Jewellery Boutique.
  9296 | D:8      | Found a basalt altar of Yredelemnul.
  9730 | D:9      | Noticed Erolcha
  9759 | D:9      | Killed Erolcha
  9759 | D:9      | Reached ** piety under Okawaru
  9759 | D:9      | Reached skill level 14 in Armour
  9984 | D:9      | Noticed a two-headed ogre
  9990 | D:9      | Killed a two-headed ogre
 10601 | D:9      | Reached *** piety under Okawaru
 10634 | D:9      | Reached XP level 11. HP: 35/67 MP: 11/14
 11106 | D:9      | Found a blossoming altar of Fedhas.
 11108 | D:9      | Found an ancient bone altar of Kikubaaqudgha.
 11153 | D:10     | Entered Level 10 of the Dungeon
 11153 | D:10     | Found Hicuk's Weapon Shoppe.
 11153 | D:10     | Found Jaihosacs's Magic Scroll Shop.
 11156 | D:10     | Found Ulaggeam's Antique Armour Emporium.
 11169 | D:10     | Bought a scroll of identify for 20 gold pieces
 11169 | D:10     | Bought a scroll of magic mapping for 35 gold pieces
 11169 | D:10     | Bought a scroll of blinking for 75 gold pieces
 11169 | D:10     | Bought a scroll of blinking for 75 gold pieces
 11227 | D:10     | Reached skill level 5 in Invocations
 11486 | D:10     | Noticed a two-headed ogre
 11490 | D:10     | Killed a two-headed ogre
 11573 | D:10     | Reached **** piety under Okawaru
 11573 | D:10     | Reached skill level 5 in Evocations
 11618 | D:10     | Received a gift from Okawaru
 12124 | D:10     | Found Jokketom's Book Emporium.
 12154 | D:10     | You fall through a shaft for 2 floors!
 12154 | D:12     | Noticed Nessos
 12176 | D:12     | Killed Nessos
 12176 | D:12     | Reached ***** piety under Okawaru
 12250 | D:11     | Noticed a two-headed ogre
 12263 | D:11     | Killed a two-headed ogre
 12263 | D:11     | Received a gift from Okawaru
 12266 | D:11     | Got a smoking battleaxe {god gift}
 12272 | D:11     | Identified the +4 battleaxe of Exquisite Torment {pain, MR++} (Okawaru gifted it to you on level 11 of the Dungeon)
 12760 | D:11     | Noticed a brown ugly thing
 12795 | D:10     | Noticed a two-headed ogre
 13155 | D:10     | Killed a two-headed ogre
 13203 | D:11     | Killed a brown ugly thing
 13287 | D:11     | Noticed a cyclops
 13519 | D:11     | Killed a cyclops
 13519 | D:11     | Reached skill level 5 in Axes
 13599 | D:11     | Reached XP level 12. HP: 48/73 MP: 14/17
 13860 | D:11     | Found a staircase to the Lair.
 13868 | D:11     | Noticed a death yak
 13882 | D:11     | Killed a death yak
 14363 | D:11     | Gained mutation: You are weak. (Str -2) [potion of mutation]
 14363 | D:11     | Gained mutation: Your mind is acute. (Int +2) [potion of mutation]
 14364 | D:11     | Lost mutation: Your mind is acute. (Int +2) [potion of mutation]
 14364 | D:11     | Lost mutation: You are weak. (Str -2) [potion of mutation]
 14364 | D:11     | Gained mutation: You evolve. [potion of mutation]
 14364 | D:11     | Gained mutation: Your natural rate of healing is unusually fast. [potion of mutation]
 14714 | D:11     | Received a gift from Okawaru
 14997 | D:11     | Noticed a death knight
 15013 | D:11     | Killed a death knight
 15040 | D:11     | HP: 2/109 [skeletal warrior/war axe[a death knight] (8)]
 15386 | D:12     | Found a staircase to the Orcish Mines.
 15404 | D:12     | Noticed a two-headed ogre
 15416 | D:12     | Slain by a two-headed ogre

Skill      XL: |  1  2  3  4  5  6  7  8  9 10 11 12 |
---------------+-------------------------------------+-----
Fighting       | 4 5 6 7 8 |  8.0
Dodging        | 1 2 |  2.0
Axes           | 3 5 9 |  9.6
Armour         | 6 9 12 14 | 14.3
Invocations    | 4 7 |  7.4
Evocations     | 3 6 |  6.3
Stealth        | |  0.2
Shields        | |  3.5

Action                   |  1- 3 |  4- 6 |  7- 9 | 10-12 || total
-------------------------+-------+-------+-------+-------++-------
Melee: War axe           |    73 |   266 |   490 |   693 ||  1522
       Halberd           |       |       |   125 |       ||   125
       Battleaxe         |       |       |       |   278 ||   278
Invok: Heroism           |       |       |       |     1 ||     1
Evoke: Wand              |       |       |     1 |     6 ||     7
  Use: Potion            |       |     2 |    10 |    16 ||    28
       Scroll            |       |       |     9 |    11 ||    20
 Stab: Invisible         |       |       |       |     6 ||     6
  Eat: Chunk             |     1 |     4 |    18 |    37 ||    60
       Bread ration      |       |       |     3 |       ||     3
Armor: Scale mail        |    31 |   215 |   253 |       ||   499
       Plate armour      |       |       |   258 |   833 ||  1091
       Skin              |       |       |   100 |    52 ||   152
Dodge: Dodged            |    25 |   142 |   269 |   336 ||   772
Block: Shield            |    28 |   201 |   308 |   388 ||   925
